 Dungeon Crawl Stone Soup version 0.19-a0-1676-g39ae8cc (webtiles) character file.

8712 Djon the Impaler (level 11, -9/90 HPs)
             Began as a Merfolk Gladiator on Sept 23, 2016.
             Was an Elder of Okawaru.
             Mangled by Snorg (17 damage)
             ... on level 10 of the Dungeon.
             The game lasted 00:28:22 (8550 turns).

Djon the Impaler (Merfolk Gladiator)                Turns: 8550, Time: 00:28:23

Health: -9/90      AC:  7    Str: 16    XL:     11   Next: 35%
Magic:  11/11      EV: 20    Int:  7    God:    Okawaru [****..]
Gold:   606        SH:  0    Dex: 18    Spells: 0 memorised, 10 levels left

rFire  . . .     SeeInvis +     x - +1 halberd
rCold  . . .     Gourm    .     E - +0 troll leather armour {Purgy}
rNeg   . . .     Faith    .     (shield currently unavailable)
rPois  .         Spirit   .     c - +0 helmet
rElec  .         Dismiss  .     I - +0 cloak
rCorr  .         Reflect  .     v - +0 pair of gloves
MR     .....     Harm     .     (no boots)
Stlth  +.........               (no amulet)
                                y - ring of see invisible
                                b - +4 ring of evasion

@: no status effects
A: change form in water, swift swim, stealthy swim
a: Heroism, Renounce Religion


You were on level 10 of the Dungeon.
You worshipped Okawaru.
Okawaru was greatly pleased with you.
You were hungry.

You visited 2 branches of the dungeon, and saw 11 of its levels.
You also visited: Sewer.

You collected 606 gold pieces.

Inventory:

Hand Weapons
 q - a +0 glaive
 x - a +1 halberd (weapon)
Missiles
 d - 4 throwing nets (quivered)
 D - 14 tomahawks
Armour
 c - a +0 helmet (worn)
 v - a +0 pair of gloves (worn)
 E - a +0 troll leather armour (worn) {Purgy}
 I - a +0 cloak (worn)
Jewellery
 a - an uncursed ring of flight
 b - a +4 ring of evasion (left hand)
 s - an uncursed ring of protection from cold
 y - a ring of see invisible (right hand)
Wands
 g - a wand of iceblast (1/15)
 w - a wand of paralysis (16/24)
 H - a wand of digging (11/24)
Scrolls
 e - 3 scrolls of teleportation
 h - a scroll of enchant armour
 i - 3 scrolls of identify
 o - 4 scrolls of remove curse
 p - a scroll of fog
 C - 3 scrolls of fear
Potions
 j - 2 potions of berserk rage
 l - 2 potions of haste
 m - a potion of curing {unknown}
 t - a potion of resistance {unknown}
 u - a potion of magic {unknown}
 z - 2 potions of flight
 A - 2 potions of lignification
 F - a potion of invisibility {unknown}
Comestibles
 f - 9 bread rations
 k - 3 meat rations
 n - a beef jerky
 r - 2 chunks of flesh


   Skills:
 - Level 10.0 Fighting
 * Level 19.0 Polearms
 - Level 2.0 Throwing
 + Level 6.2 Dodging


You had 10 spell levels left.
You didn't know any spells.

Dungeon Overview and Level Annotations

Branches:
Dungeon (10/15)            Temple (1/1) D:7            Lair (0/6) D:9
    Orc (0/2) D:9

Altars:
Ashenzari
Cheibriados
Dithmenos
Elyvilon
Fedhas
Gozag
Hepliaklqana
Kikubaaqudgha
Makhleb
Nemelex Xobeh
Okawaru
Qazlal
Ru
Sif Muna
Trog
Uskayaw
Vehumet
Xom
Yredelemnul
Zin
The Shining One

Annotations:
D:10 Snorg


Message History

You puncture Snorg!
Snorg is severely wounded.
Snorg misses you. Snorg completely misses you. Snorg closely misses you.
You completely miss Snorg.
Snorg is severely wounded.
Snorg bites you! Snorg completely misses you. Snorg barely misses you.
You are feeling hungry.
You slice Snorg!!
Snorg is severely wounded.
Snorg barely misses you. Snorg claws you! Snorg closely misses you.
You hit Snorg.
Snorg is almost dead.
Snorg bites you!! Snorg claws you. Snorg closely misses you.
You puncture Snorg!
Snorg is almost dead.
Snorg bites you!!
* * * LOW HITPOINT WARNING * * *
Snorg completely misses you. x2
Snorg closely misses you. Snorg claws you!
You die...

..# ##.##########
#####...........#
.........######.#
#####...## #.#
..##.#.#.# #.#
.........# ##.#
#.##.#.#.#####..####
..###...........@T.#
#..###.#######.###.#
#.#.##.# #.# .#
#......# #.# .#
#.#.#### #.# .# #..#
#.# .# ...# #.# .#
##.# .# .#
##.######## .#


You could see Snorg (berserk).

Vanquished Creatures
  Erolcha (D:10)
  An unseen horror (D:10)
  A hill giant (D:10)
  Pikel (D:5)
  The ghost of jlc4533 the Spear-Bearer, a novice MfGl (D:5)
  The ghost of Darkdiver the Shield-Bearer, a novice FoFi of Cheibriados (D:6)
  Psyche (D:10)
  A gargoyle (D:10)
  A troll (D:8)
  A two-headed ogre (D:10)
  Sigmund (D:4)
  A spriggan (D:7)
  3 yaks
  A hungry ghost (D:10)
  Menkaure (D:4)
  A steam dragon (D:9)
  Edmund (D:5)
  A soldier ant (D:9)
  2 water moccasins
  Duvessa (D:7)
  Purgy (Sewer)
  The ghost of HunfridMar the Sneak, an amateur SpAs (D:4)
  A sky beast (D:6)
  An ogre (D:9)
  3 ice beasts
  3 orc warriors
  A black bear (D:9)
  A phantom (D:4)
  A wasp (D:10)
  A centaur (D:5)
  2 bullfrogs
  Dowan (D:7)
  A scorpion (D:5)
  3 killer bees (D:10)
  A howler monkey (D:5)
  5 crimson imps
  3 hounds
  Crazy Yiuf (D:6)
  A bullfrog skeleton (D:6)
  2 orc priests
  Jessica (D:2)
  3 centaur skeletons
  3 iguanas
  3 orc wizards
  Natasha (thrice) (D:2)
  6 worker ants
  3 hound skeletons
  A hound zombie (D:8)
  A worker ant zombie (D:9)
  Robin (D:2)
  2 howler monkey skeletons
  A howler monkey zombie (D:8)
  3 gnolls (D:4)
  2 river rats (D:5)
  7 adders
  2 shadow imps
  An ooze (D:5)
  6 worms
  3 dart slugs
  7 leopard geckos
  19 orcs
  4 ball pythons
  9 bats
  8 giant cockroaches
  10 goblins (D:2)
  8 hobgoblins
  9 jackals
  3 quokkas
  4 frilled lizards
  A jackal skeleton (D:7)
  10 kobolds
  2 quokka zombies
  7 rats
210 creatures vanquished.

Vanquished Creatures (others)
  3 slaves (D:5)
  A centaur (D:5)
  A scorpion (D:5)
  4 gnolls (D:5)
9 creatures vanquished.

Grand Total: 219 creatures vanquished

Notes
Turn   | Place    | Note
-------+----------+-------------------------------------------
     0 | D:1      | Djon the Merfolk Gladiator began the quest for the Orb.
     0 | D:1      | Reached XP level 1. HP: 16/16 MP: 1/1
   133 | D:1      | Reached skill level 5 in Polearms
   207 | D:1      | Reached XP level 2. HP: 22/22 MP: 2/2
   612 | D:2      | Reached skill level 6 in Polearms
   612 | D:2      | Reached XP level 3. HP: 27/27 MP: 3/3
   723 | D:2      | Noticed Robin
   747 | D:2      | Killed Robin
   747 | D:2      | Reached skill level 7 in Polearms
   747 | D:2      | Reached XP level 4. HP: 22/33 MP: 4/4
  1016 | D:2      | Noticed Natasha
  1037 | D:2      | Killed Natasha
  1109 | D:2      | Noticed Natasha
  1115 | D:2      | HP: 1/33 [Natasha/magic dart (8)]
  1126 | D:2      | Noticed Jessica
  1154 | D:1      | Reached skill level 8 in Polearms
  1414 | D:2      | Killed Natasha
  1414 | D:2      | Reached XP level 5. HP: 39/39 MP: 5/5
  1421 | D:2      | Killed Jessica
  1422 | D:2      | Noticed Natasha
  1436 | D:2      | Killed Natasha
  1907 | D:3      | Reached XP level 6. HP: 43/47 MP: 6/6
  2077 | D:4      | Found a bloodstained altar of Trog.
  2095 | D:4      | Noticed Menkaure
  2117 | D:4      | Reached skill level 9 in Polearms
  2138 | D:4      | Killed Menkaure
  2369 | D:4      | Noticed HunfridMar's ghost (amateur SpAs)
  2380 | D:4      | Noticed a phantom
  2382 | D:4      | Killed HunfridMar's ghost
  2382 | D:4      | Reached skill level 10 in Polearms
  2382 | D:4      | Reached XP level 7. HP: 51/54 MP: 7/7
  2604 | D:4      | Noticed Sigmund
  2616 | D:4      | Killed Sigmund
  2616 | D:4      | Reached skill level 11 in Polearms
  2698 | D:4      | Reached skill level 5 in Fighting
  3000 | D:5      | Entered Level 5 of the Dungeon
  3039 | D:5      | Reached XP level 8. HP: 56/62 MP: 8/8
  3099 | D:5      | Noticed Pikel
  3127 | D:5      | Killed Pikel
  3127 | D:5      | Reached skill level 12 in Polearms
  3281 | D:5      | Noticed jlc4533's ghost (novice MfGl)
  3283 | D:5      | Noticed Edmund
  3367 | D:4      | Reached skill level 13 in Polearms
  3691 | D:5      | Found a glowing drain.
  3712 | Sewer    | Entered a sewer
  3739 | Sewer    | Noticed Purgy
  3746 | Sewer    | Killed Purgy
  3849 | D:5      | Reached XP level 9. HP: 59/71 MP: 9/9
  4049 | D:5      | Killed Edmund
  4108 | D:5      | Killed jlc4533's ghost
  4108 | D:5      | Reached skill level 14 in Polearms
  4360 | D:6      | Noticed Darkdiver's ghost (novice FoFi)
  4623 | D:6      | Killed Darkdiver's ghost
  4623 | D:6      | Reached skill level 15 in Polearms
  5553 | D:6      | Found a runed door.
  5557 | D:6      | Noticed Crazy Yiuf
  5562 | D:6      | Killed Crazy Yiuf
  5864 | D:7      | Found a staircase to the Ecumenical Temple.
  5874 | Temple   | Entered the Ecumenical Temple
  5980 | Temple   | Became a worshipper of Warmaster Okawaru
  6050 | D:7      | Noticed Dowan
  6058 | D:7      | Noticed Duvessa
  6075 | D:7      | Killed Duvessa
  6084 | D:7      | Killed Dowan
  6084 | D:7      | Reached XP level 10. HP: 80/82 MP: 10/10
  6439 | D:7      | Reached skill level 16 in Polearms
  6620 | D:8      | Reached * piety under Okawaru
  7344 | D:9      | Found a staircase to the Lair.
  7352 | D:9      | Reached skill level 17 in Polearms
  7391 | D:9      | Found a staircase to the Orcish Mines.
  7408 | D:9      | Reached ** piety under Okawaru
  7655 | D:9      | Noticed a red ugly thing
  7871 | D:10     | Entered Level 10 of the Dungeon
  8066 | D:10     | Noticed a hill giant
  8083 | D:10     | Killed a hill giant
  8083 | D:10     | Reached *** piety under Okawaru
  8083 | D:10     | Reached skill level 10 in Fighting
  8083 | D:10     | Reached skill level 18 in Polearms
  8109 | D:10     | Noticed a gargoyle
  8121 | D:10     | Killed a gargoyle
  8121 | D:10     | Reached XP level 11. HP: 83/90 MP: 11/11
  8123 | D:10     | Noticed Psyche
  8134 | D:10     | Killed Psyche
  8138 | D:10     | Reached skill level 5 in Dodging
  8194 | D:10     | Noticed Erolcha
  8237 | D:10     | Killed Erolcha
  8266 | D:10     | Noticed an unseen horror
  8274 | D:10     | Killed an unseen horror
  8274 | D:10     | Reached **** piety under Okawaru
  8284 | D:10     | Reached skill level 19 in Polearms
  8539 | D:10     | Noticed Snorg
  8550 | D:10     | Mangled by Snorg

Vault maps used:
D:1:      scummos_arrival_star
D:2:      uniq_robin, uniq_natasha, uniq_jessica
D:3:      first_bread
D:4:      minmay_misc_feat_room, bloody_trog, uniq_menkaure, uniq_sigmund
D:5:      portal_sewer_entry_c, uniq_pikel, uniq_edmund
D:6:      minivault_25, uniq_crazy_yiuf_cottage
D:7:      corexii_leaking_fountain, the_bakery, hangedman_decor_clover_reticule,
          uniq_duvessa
D:9:      lair_0_dummy, feat_on_display
D:10:     uniq_snorg, uniq_psyche, uniq_erolcha
Temple:   kilobyte_greek_temple
Sewer:    kennysheep_door_sewer

Skill      XL: |  1  2  3  4  5  6  7  8  9 10 11 |
---------------+----------------------------------+-----
Polearms       | 5 6 7 8 10 11 13 15 18 19 | 19.0
Fighting       | 3 4 5 6 8 10 | 10.0
Dodging        | 6 |  6.2
Throwing       | |  2.0

Action                   |  1- 3 |  4- 6 |  7- 9 | 10-12 || total
-------------------------+-------+-------+-------+-------++-------
Melee: Trident           |   116 |   182 |   466 |    41 ||   805
       Halberd           |       |       |       |   295 ||   295
 Fire: Hunting sling     |       |    16 |    22 |       ||    38
Throw: Tomahawk          |       |       |     7 |     8 ||    15
  Use: Scroll            |       |       |    14 |     2 ||    16
       Potion            |       |       |     2 |     1 ||     3
 Stab: Sleeping          |       |       |       |     4 ||     4
  Eat: Chunk             |       |     5 |     5 |    10 ||    20
       Beef jerky        |       |       |     1 |       ||     1
       Bread ration      |       |       |     1 |       ||     1
Armor: Ring mail         |    35 |    28 |    38 |       ||   101
       Troll leather arm |       |       |     5 |    28 ||    33
Dodge: Dodged            |    64 |   110 |   212 |   192 ||   578
